 Dungeon Crawl Stone Soup version 0.29-a0-653-gd47aff6735 (webtiles) character file.

Game seed: 17757443663734153890

116 zeratav the Shooter (level 4, -6/21 HPs)
             Began as a Spriggan Arcane Marksman on June 21, 2022.
             Killed by divine providence
             ... invoked by an orc priest
              (9 damage)
             ... on level 2 of the Dungeon.
             The game lasted 00:04:10 (2512 turns).

zeratav the Shooter (Spriggan Arcane Marksman)      Turns: 2512, Time: 00:04:11

Health: -6/21      AC:  3    Str:  6    XL:     4   Next: 69%
Magic:  7/7        EV: 17    Int: 14    God:
Gold:   150        SH:  0    Dex: 17    Spells: 4/5 levels left

rFire   . . .      SeeInvis +   a - +0 shortbow {bow}
rCold   . . .      Faith    .   (shield currently unavailable)
rNeg    . . .      Spirit   .   b - +0 robe
rPois   .          Reflect  .   (helmet restricted)
rElec   .          Harm     .   o - +0 cloak
rCorr   .          Rampage  .   (gloves unavailable)
Will    .....                   (boots unavailable)
Stlth   ++........              (no amulet)
HPRegen 0.07/turn               (no ring)
MPRegen 0.10/turn               (no ring)

@: very quick
A: very small, no large weapons, unfitting armour, see invisible, speed 3
a: no special abilities


You were on level 2 of the Dungeon.
You visited 1 branch of the dungeon, and saw 3 of its levels.

You collected 150 gold pieces.


Innate Abilities, Weirdness & Mutations

You are very small and have problems with some larger weapons.
You are too small for most types of armour.
You have supernaturally acute eyesight. (SInv)
You cover ground extremely quickly. (Speed+++)


   Skills:
 - Level 0.7 Fighting
 + Level 6.0 Bows
 - Level 2.6 Dodging
 - Level 1.3 Spellcasting
 - Level 3.6 Hexes


You had 4 spell levels left.
You knew the following spells:

 Your Spells              Type           Power      Damage    Failure   Level
a - Slow                  Hex            44%        N/A       6%          1

Your spell library contained the following spells:

 Spells                   Type           Power      Damage    Failure   Level
 Inner Flame              Hex/Fire       6%         N/A       36%         3
 Portal Projectile        Hex/Tloc       12%        N/A       36%         3
 Cause Fear               Hex            5%         N/A       50%         4
 Gell's Gravitas          Tloc           0%         N/A       58%         3
 Teleport Other           Tloc           0%         N/A       58%         3
 Dispersal                Tloc           0%         N/A       100%        6

Inventory:

Hand Weapons
 a - a +0 shortbow (weapon) {bow}
Armour
 b - a +0 robe (worn)
 o - a +0 cloak (worn)
   (You took it off Crazy Yiuf on level 2 of the Dungeon)
Jewellery
 i - a ring of flight
   (You found it on level 2 of the Dungeon)
 l - a ring of protection from cold
   (You found it on level 2 of the Dungeon)
Scrolls
 c - 2 scrolls of vulnerability {!r!r}
 e - a scroll of teleportation {unknown}
 g - 2 scrolls of blinking {unknown}
 m - a scroll of summoning {unknown}
Potions
 d - a potion of might {unknown}
 f - 2 potions of flight {unknown}
 h - 2 potions of brilliance {unknown}
 j - a potion of mutation {unknown}
 k - 2 potions of curing {unknown}

Dungeon Overview and Level Annotations

Branches:
Dungeon (3/15) Zot: 16109

Altars:

###+#.######.........#......
#.#.............)###......
######...#..#####.....# ####...
#........#.......(....######...
#........#.....................
#...............###............
#.....>.........+.'............
#.......o.......###...........#
#...........S.@.#.....P..####.#
#..................P≈≈≈.#####.#
#.................P≈≈≈≈≈P..##.#
#.......########...≈≈.≈≈...##.#
#.......########.P≈.≈≈≈....##+#
#.......##......#..≈≈≈≈≈P......
#.................≈.≈≈.≈.......
#######...........P≈≈≈≈........
#......#....≈≈≈♣≈≈P......


You could see an orc priest and a ball python.


Message History

You enter the shallow water.
Moving in this stuff is going to be slow.
You enter the shallow water.
Moving in this stuff is going to be slow.
You see here a +0 whip {mace}.
You enter the shallow water.
Moving in this stuff is going to be slow.
You see here a +0 club {mace}.
You open the door.
Crazy Yiuf drinks a potion.
Crazy Yiuf flickers and vanishes for a moment.
Crazy Yiuf grits, "Dawk!"
You shoot an arrow. The arrow hits Crazy Yiuf.
You shoot an arrow. The arrow hits Crazy Yiuf!
You shoot an arrow. The arrow hits Crazy Yiuf.
You shoot an arrow. The arrow barely misses Crazy Yiuf.
Crazy Yiuf says, "Spliff light pontify!"
You shoot an arrow. The arrow closely misses Crazy Yiuf.
Crazy Yiuf grits, "Trifle sallow sallow!"
Crazy Yiuf twirls on the spot.
You shoot an arrow. The arrow hits Crazy Yiuf.
You shoot an arrow. The arrow hits Crazy Yiuf!
You kill Crazy Yiuf!
Your Bows skill increases to level 6!
No target in view!
No target in view!
n - a +2 quarterstaff of chaos {staff};
o - a +0 cloak You start putting on your armour.
You continue putting on your +0 cloak. x4
You finish putting on your +0 cloak.
You drop a +2 quarterstaff of chaos {staff}.
There is an open translucent door here.
Done exploring.
Done exploring.
(D) Dungeon
Where to? (Enter - D:2 @ (x,y), ? - help)
There is an open translucent door here.
There is a stone staircase leading down here.
You climb downwards.
There is a stone staircase leading up here.
There are monsters nearby!
There are monsters nearby!
You shoot an arrow. The arrow hits the orc.
You shoot an arrow. The arrow hits the orc!
You kill the orc!
The orc closely misses you.
You shoot an arrow. The arrow closely misses the orc.
The arrow barely misses the orc wizard.
The orc closely misses you.
You shoot an arrow. The arrow hits the orc priest.
The orc misses you.
The orc wizard casts a spell.
The orc wizard flickers and vanishes for a moment.
You shoot an arrow. The arrow hits the orc priest.
The orc barely misses you.
The orc priest begins to cast a cantrip, but forgets the words!
You shoot an arrow.
The arrow completely misses the orc priest.
The orc hits you from afar with a +0 trident.
The orc priest casts a cantrip, but nothing happens.
HP[-6]
You take 6 damage, and now have 15/21 hp.
MASSIVE DAMAGE!! (PAUSE)
You are too injured to fight recklessly!
You are too injured to fight recklessly!
Shoot: a) +0 shortbow {bow}
Press: ? - help, Q - select action, (/) - cycle Shift-Dir - straight line, f/p - orc priest
Aim: an orc priest, wielding a +1 mace of protection (moderately wounded, 63% to hit)
You shoot an arrow.
The arrow hits the orc priest but does no damage.
The orc closely misses you. The orc priest completely misses you.
The ball python completely misses you. The ball python misses you.
The orc misses you.
The orc priest calls down the wrath of Beogh upon you.
Pain shoots through your body!
HP[-3]
You take 3 damage, and now have 12/21 hp.
Shoot: a) +0 shortbow {bow}
Press: ? - help, Q - select action, (/) - cycle Shift-Dir - straight line, f/p - orc priest
Aim: an orc priest, wielding a +1 mace of protection (moderately wounded, 63% to hit)
You shoot an arrow. The arrow hits the orc priest.
The ball python misses you. The ball python closely misses you.
The orc hits you from afar with a +0 trident!
* * * LOW HITPOINT WARNING * * *
The orc priest casts a cantrip, but nothing happens.
HP[-7]
You take 7 damage, and now have 5/21 hp.
MASSIVE DAMAGE!! (PAUSE)
The ball python bites you.
* * * LOW HITPOINT WARNING * * *
The ball python closely misses you. The orc misses you.
The orc priest hits you with a +1 mace of protection.
* * * LOW HITPOINT WARNING * * *
You climb upwards.
There is a stone staircase leading down here.
HP[-2]
You take 2 damage, and now have 3/21 hp.
The ball python bites you but does no damage.
The ball python grabs you. The ball python constricts you.
You escape the ball python's grasp.
The orc priest begins to cast a cantrip, but forgets the words!
The orc priest calls down the wrath of Beogh upon you.
Beogh smites you!
You die...

Skill      XL: |  1  2  3  4 |
---------------+-------------+-----
Bows           | 3 4 5 6 |  6.0
Fighting       | |  0.7
Dodging        | |  2.6
Spellcasting   | |  1.3
Hexes          | |  3.6

Action                   |  1- 3 |  4- 6 || total
-------------------------+-------+-------++-------
 Fire: Shortbow          |    51 |    41 ||    92
 Cast: Slow              |     1 |       ||     1
Armor: Robe              |     1 |     1 ||     2
Dodge: Dodged            |    10 |    21 ||    31

Levels and vault maps discovered:
D:1:      amcnicky_arrival_abandoned_market, layout_basic,
          shapermc_ecumenical_altar_gd
D:2:      layout_basic, serial_bayou, serial_bayou_pond_b, serial_bayou_pond_d,
          serial_bayou_lagoon_a, serial_bayou_crossing, uniq_crazy_yiuf_cottage
D:3:      layout_basic, grunt_ministairs_8

Notes
Turn   | Place    | Note
-------+----------+-------------------------------------------
     0 | D:1      | zeratav the Spriggan Arcane Marksman began the quest for
                  | the Orb.
     0 | D:1      | Reached XP level 1. HP: 9/9 MP: 3/3
     0 | D:1      | magus.rc [v1.9.6]
   163 | D:1      | Found a faded altar of an unknown god.
   233 | D:1      | Reached skill level 3 in Bows
   415 | D:1      | Reached XP level 2. HP: 14/14 MP: 5/5
   875 | D:2      | Reached skill level 4 in Bows
   890 | D:2      | HP: 3/14 [gnoll/+0 spear (4)]
   921 | D:1      | Reached XP level 3. HP: 5/17 MP: 4/6
  1434 | D:2      | Reached skill level 5 in Bows
  1438 | D:2      | You fall into a shaft and drop 1 floor!
  1498 | D:3      | Reached XP level 4. HP: 21/21 MP: 7/7
  2148 | D:2      | You add the spells Gell's Gravitas, Teleport Other and
                  | Dispersal to your library.
  2285 | D:2      | Found a runed translucent door.
  2286 | D:2      | Noticed Crazy Yiuf
  2434 | D:2      | Killed Crazy Yiuf
  2435 | D:2      | Reached skill level 6 in Bows
  2502 | D:3      | HP: 5/21 [orc/+0 trident (8)]
  2512 | D:2      | Killed from afar by an orc priest

Vanquished Creatures
  Crazy Yiuf (D:2)
  4 gnolls
  2 adders (D:2)
  A dart slug (D:2)
  2 orcs (D:3)
  2 ball pythons
  2 endoplasms (D:2)
  2 giant cockroaches
  A hobgoblin (D:2)
  3 quokkas (D:1)
  2 bats
  2 frilled lizards
  3 goblins (D:1)
  2 kobolds
  3 rats
32 creatures vanquished.

Vanquished Creatures (others)
  A plant (D:2)
1 creature vanquished.

Grand Total: 33 creatures vanquished

Table legend:
 A = Non-vault XP
 B = Vault XP
 C = Vault XP percentage of total XP
 D = Non-vault monster count
 E = Vault monster count
 F = Vault count percentage of total count
                 A         B        C        D         E       F
            +---------+---------+-------+---------+---------+-------
      Total |     110 |      56 |  33.7 |      27 |       5 |  15.6
            +---------+---------+-------+---------+---------+-------
        D:1 |      32 |       0 |   0.0 |      12 |       0 |   0.0
        D:2 |      68 |      56 |  45.2 |      11 |       5 |  31.2
        D:3 |      10 |       0 |   0.0 |       4 |       0 |   0.0
            +---------+---------+-------+---------+---------+-------

Illustrated notes

Table legend:
 A = Kills in this place as a percentage of kills in entire the game.
 B = Kills by you in this place as a percentage of kills by you in the entire game.
 C = Kills by friends in this place as a percentage of kills by friends in the entire game.
 D = Other kills in this place as a percentage of other kills in the entire game.
 E = Experience gained in this place as a percentage of experience gained in the entire game.
 F = Experience gained in this place divided by the number of levels of this place that you have seen.
                   A       B       C       D       E      F
               +-------+-------+-------+-------+-------+----------------------
         Total | 100.0 | 100.0 |   N/A |   N/A | 100.0 |  55.3
       Dungeon | 100.0 | 100.0 |   N/A |   N/A | 100.0 |  55.3
               +-------+-------+-------+-------+-------+----------------------

Table legend: (Time is in decaauts)
 A = Elapsed time spent in this place.
 B = Non-inter-level travel time spent in this place.
 C = Inter-level travel time spent in this place.
 D = Time resting spent in this place.
 E = Time spent auto-exploring this place.
 F = Levels seen in this place.
 G = Mean time per level.
                   A        B        C        D        E       F      G
               +--------+--------+--------+--------+--------+-----+--------+
         Total |   1890 |   1816 |     74 |    658 |    934 |   3 |  630.0 |
       Dungeon |   1890 |   1816 |     74 |    658 |    934 |   3 |  630.0 |
               +--------+--------+--------+--------+--------+-----+--------+

Top non-repeatable levels by time:
     D:2: 1075 daAuts
     D:1: 758 daAuts
     D:3: 55 daAuts
